AoeStats
← C.C.

Lombardia

509311748Analyzed
3v3 RM · 6d ago on Sep 26, 2026· 69m 23s· 6 players
Game mode
Random Map
Map size
Normal (6 player)
Population
200
Speed
Normal
Resources
Standard
Victory
Conquest
Starting age
Dark Age
Ending age
Imperial Age
RankedLock teamsTeams togetherTeam positionsShared explorationLock speedFull tech treeHidden civsTurbo modeCheats
Victory
Defeat
🇨🇳 Hindustanis · China
1350
+14
1315
+15
🇨🇳 Slavs · China
1263
+17
🇵🇰 Khitans · Pakistan
1332
-17
🇰🇷 Persians · South Korea
1282
-15
🇵🇰 Magyars · Pakistan
1265
-14
Zuku
6:38 Loom
9:26 Feudal Age
10:02 Double-Bit Axe
10:07 Horse Collar
18:56 Gold Mining
20:24 Wheelbarrow
24:02 Castle Age
22:00 Fletching
22:39 Bloodlines
24:57 Bodkin Arrow
25:16 Husbandry
25:30 Bow Saw
25:21 Heavy Plow
28:35 Ballistics
28:21 Padded Archer Armor
30:05 Thumb Ring
33:28 Gold Shaft Mining
34:31 Leather Archer Armor
34:39 Hand Cart
36:12 Hand Cart
40:30 Imperial Age
40:13 Masonry
41:21 Bracer
42:23 Chemistry
41:50 Heavy Cavalry Archer
43:01 Parthian Tactics
44:59 Town Watch
47:17 Coinage
47:23 Recurve Bow
47:43 Conscription
53:05 Scale Barding Armor
53:32 Ring Archer Armor
56:30 Siege Engineers
56:20 Murder Holes
56:06 Treadmill Crane
57:39 Elite Magyar Huszar
61:37 Corvinian Army
62:59 Hoardings
63:40 Chain Barding Armor
64:47 Crop Rotation
65:18 Two-Man Saw
68:29 Caravan
PAWA
5:46 Loom
9:20 Feudal Age
12:03 Scale Barding Armor
13:48 Double-Bit Axe
14:25 Forging
18:27 Horse Collar
20:13 Bloodlines
23:44 Castle Age
22:09 Gold Mining
24:25 Husbandry
24:46 Chain Barding Armor
25:01 Iron Casting
30:18 Bow Saw
30:58 Wheelbarrow
35:56 Heavy Plow
39:21 Imperial Age
37:14 Scale Mail Armor
36:55 Pikeman
37:35 Squires
38:14 Hand Cart
38:16 Chain Mail Armor
38:05 Arson
39:04 Cavalier
40:18 Plate Mail Armor
40:48 Blast Furnace
40:25 Plate Barding Armor
39:26 Halberdier
40:24 Fletching
41:21 Conscription
41:13 Town Watch
42:17 Savar
43:06 Light Cavalry
44:41 Ballistics
44:38 Capped Ram
45:15 Bodkin Arrow
46:50 Chemistry
47:56 Town Patrol
47:19 Hussar
53:24 Murder Holes
54:08 Hoardings
53:44 Citadels
53:35 Kamandaran
54:15 Crop Rotation
57:28 Two-Man Saw
57:24 Siege Ram
64:36 Caravan
65:32 Padded Archer Armor
69:56 Leather Archer Armor
69:59 Masonry
coys
6:06 Loom
9:10 Feudal Age
9:42 Double-Bit Axe
15:51 Forging
19:52 Scale Barding Armor
23:13 Castle Age
21:10 Gold Mining
21:05 Domestication
23:15 Light Cavalry
24:32 Iron Casting
25:15 Husbandry
26:03 Bow Saw
28:26 Wheelbarrow
30:36 Chain Barding Armor
40:51 Imperial Age
38:49 Stone Mining
40:14 Scale Mail Armor
40:17 Squires
40:04 Gambesons
40:47 Hand Cart
41:19 Chain Mail Armor
41:15 Elite Steppe Lancer
42:31 Plate Barding Armor
43:29 Plate Mail Armor
42:50 Arson
44:31 Conscription
44:22 Lamellar Armor
43:57 Hussar
45:37 Fletching
46:17 Bodkin Arrow
46:06 Elite Liao Dao
51:59 Ordo Cavalry
56:27 Heavy Camel Rider
61:05 Bracer
61:06 Padded Archer Armor
61:35 Town Watch
61:33 Elite Skirmisher
62:42 Ballistics
63:22 Chemistry
62:36 Masonry
63:09 Leather Archer Armor
64:39 Pikeman
66:45 Ring Archer Armor
C.C.
7:19 Loom
9:52 Feudal Age
10:20 Double-Bit Axe
10:16 Horse Collar
20:07 Castle Age
20:03 Scale Barding Armor
20:09 Bloodlines
21:59 Husbandry
30:32 Chain Barding Armor
32:45 Bow Saw
32:36 Heavy Plow
33:15 Wheelbarrow
33:30 Forging
37:28 Imperial Age
37:25 Gold Mining
37:37 Heavy Camel Rider
39:05 Plate Barding Armor
40:48 Gold Shaft Mining
41:06 Iron Casting
41:07 Heavy Plow
41:38 Conscription
42:05 Hand Cart
41:17 Imperial Camel Rider
42:14 Hand Cart
45:29 Blast Furnace
45:04 Caravan
44:53 Light Cavalry
45:41 Hussar
58:24 Coinage
59:20 Town Watch
迪恩-伊薩卡-凡爾賽提斯
8:31 Feudal Age
9:00 Double-Bit Axe
9:28 Loom
10:35 Horse Collar
15:19 Scale Barding Armor
18:02 Forging
20:52 Wheelbarrow
20:10 Gold Mining
20:45 Stone Mining
25:05 Castle Age
23:35 Bloodlines
26:06 Bow Saw
25:59 Heavy Plow
26:54 Gold Shaft Mining
26:53 Chain Barding Armor
29:51 Fletching
30:52 Bodkin Arrow
32:11 Husbandry
33:21 Padded Archer Armor
36:56 Ballistics
36:53 Leather Archer Armor
40:15 Imperial Age
38:04 Hand Cart
38:51 Thumb Ring
39:39 Stone Shaft Mining
41:19 Conscription
40:22 Elite Mangudai
41:08 Bracer
42:46 Chemistry
42:50 Parthian Tactics
44:59 Capped Ram
45:46 Siege Engineers
45:51 Masonry
46:04 Drill
45:45 Nomads
45:55 Siege Ram
47:46 Hoardings
48:11 Caravan
49:43 Fortified Wall
54:38 Heavy Scorpion
56:08 Iron Casting
54:55 Light Cavalry
59:14 Coinage
60:55 Banking
A先生
10:53 Feudal Age
11:30 Loom
15:06 Horse Collar
18:55 Forging
21:36 Castle Age
19:45 Scale Barding Armor
19:46 Double-Bit Axe
21:07 Scale Mail Armor
22:14 Bloodlines
22:15 Gold Mining
23:09 Husbandry
25:02 Pikeman
26:13 Bow Saw
27:40 Iron Casting
28:34 Wheelbarrow
28:05 Squires
28:34 Stone Mining
30:06 Chain Mail Armor
30:04 Fletching
34:32 Hand Cart
38:08 Imperial Age
35:59 Bodkin Arrow
36:40 Heavy Plow
37:27 Gold Shaft Mining
38:21 Chain Barding Armor
38:23 Elite Boyar
39:24 Conscription
39:21 Detinets
38:59 Halberdier
40:44 Druzhina
42:06 Blast Furnace
41:37 Plate Mail Armor
42:24 Plate Barding Armor
44:50 Two-Man Saw
44:26 Crop Rotation
43:38 Heavy Scorpion
45:54 Chemistry
45:14 Ballistics
51:14 Padded Archer Armor
56:28 Caravan
56:20 Elite Skirmisher
67:10 Leather Archer Armor
66:48 Capped Ram
Connection lost

Rejoining the realm…

Still unreachable

The connection could not be restored.

Session expired

The server has moved on; the page needs a fresh start.